 Dungeon Crawl Stone Soup version 0.29.1-1-gd02db6906a (webtiles) character file.

Game seed: 17887737750042739159

749 Earthwalker the Poker (level 7, -5/61 HPs)
             Began as a Minotaur Fighter on Oct 14, 2022.
             Was a Follower of Okawaru.
             Slain by Menkaure (20 damage)
             ... on level 5 of the Dungeon.
             The game lasted 00:09:20 (4289 turns).

Earthwalker the Poker (Minotaur Fighter)            Turns: 4289, Time: 00:09:21

Health: -5/61      AC:  7    Str: 22    XL:     7   Next: 48%
Magic:  6/6        EV: 10    Int: 11    God:    Okawaru [*.....]
Gold:   302        SH:  5    Dex: 10    Spells: 6/6 levels left

rFire   . . .      SeeInvis .   a - +1 trident
rCold   . . .      Faith    .   c - +0 buckler
rNeg    . . .      Spirit   .   b - +0 scale mail
rPois   .          Reflect  .   (helmet restricted)
rElec   .          Harm     .   (no cloak)
rCorr   .          Rampage  .   (no gloves)
Will    +....                   (no boots)
Stlth   ..........              (no amulet)
HPRegen 0.20/turn               p - ring of willpower
MPRegen 0.10/turn               q - +6 ring of intelligence

@: studying Shields
A: horns 2, retaliatory headbutt
a: Renounce Religion, Heroism


You were on level 5 of the Dungeon.
You worshipped Okawaru.
Okawaru was aware of your devotion.
You visited 1 branch of the dungeon, and saw 5 of its levels.

You collected 302 gold pieces.

Inventory:

Hand Weapons
 a - a +1 trident (weapon)
Missiles
 o - 3 boomerangs (quivered)
 x - 5 poisoned darts
Armour
 b - a +0 scale mail (worn)
 c - a +0 buckler (worn)
Jewellery
 h - a ring of protection from cold
 p - a ring of willpower (left hand)
 q - a +6 ring of intelligence (right hand)
 w - a ring of wizardry
Scrolls
 k - a scroll of noise
 r - a scroll of enchant armour
 t - a scroll of teleportation
 u - a scroll of immolation
 y - a scroll of vulnerability
Potions
 d - a potion of might
 e - 2 potions of haste
 f - 4 potions of magic
 g - a potion of berserk rage {unknown}
 j - a potion of heal wounds {unknown}
 l - 4 potions of flight
 m - a potion of mutation {unknown}
 n - a potion of degeneration {unknown}
 s - a potion of invisibility {unknown}
 v - a potion of lignification {unknown}


   Skills:
 * Level 5.0 Fighting
 * Level 6.7 Polearms
 + Level 0.4 Throwing
 * Level 5.7 Armour
 * Level 2.3 Dodging
 + Level 0.2 Stealth
 * Level 6.1 Shields


You had 6 spell levels left.
You didn't know any spells.
Your spell library contained the following spells:

 Spells                   Type           Power      Damage    Failure   Level
 Apportation              Tloc           0%         N/A       73%         1
 Ensorcelled Hibernation  Hex/Ice        0%         N/A       86%         2
 Spider Form              Tmut/Pois      0%         N/A       97%         3
 Anguish                  Hex/Necr       0%         N/A       100%        4
 Cause Fear               Hex            0%         N/A       100%        4
 Alistair's Intoxication  Tmut/Pois      0%         N/A       100%        5
 Dragon Form              Tmut           0%         N/A       100%        7
 Dragon's Call            Summ           Unusable   N/A       N/A         9

Dungeon Overview and Level Annotations

Branches:
Dungeon (5/15)
 Temple: D:4-7

Altars:
Ashenzari
Fedhas
Kikubaaqudgha
Okawaru

Shops:
D:3 =

Annotations:
D:5 Menkaure


Innate Abilities, Weirdness & Mutations

You have a pair of horns on your head.
You reflexively headbutt those who attack you in melee.


Message History

You furiously retaliate!
You headbutt the adder! You hit the adder.
You kill the adder!
Okawaru accepts your kill.
Menkaure, Prince of Dust comes into view.
Menkaure shouts!
Throw: 3 boomerangs
Press: ? - help, Q - select action, (/) - cycle Shift-Dir - straight line, f - Menkaure
Aim: Menkaure (73% to hit)
You throw a boomerang. The boomerang barely misses Menkaure.
Throw: 3 boomerangs
Press: ? - help, Q - select action, (/) - cycle Shift-Dir - straight line, f/p - Menkaure
Aim: Menkaure (73% to hit)
You throw a boomerang. The boomerang barely misses Menkaure.
Throw: 3 boomerangs
Press: ? - help, Q - select action, (/) - cycle Shift-Dir - straight line, f/p - Menkaure
Aim: Menkaure (73% to hit)
You throw a boomerang. The boomerang hits Menkaure.
Menkaure is moderately damaged.
Menkaure mumbles a few words.
Throw: 3 boomerangs
Press: ? - help, Q - select action, (/) - cycle Shift-Dir - straight line, f/p - Menkaure
Aim: Menkaure (moderately damaged, 73% to hit)
You throw a boomerang. The boomerang hits Menkaure.
Menkaure is moderately damaged.
Menkaure calls on the powers of darkness!
Your body is wracked with pain!
You reach to attack!
You barely miss Menkaure.
Menkaure is moderately damaged.
You reach to attack!
You hit Menkaure but do no damage.
Menkaure is moderately damaged.
You hit Menkaure. You headbutt Menkaure.
Menkaure is severely damaged.
Menkaure hits you!!
* * * LOW HITPOINT WARNING * * *
You are too injured to fight recklessly!
You barely miss Menkaure.
Menkaure is severely damaged.
Menkaure hits you!!
You die...

#..... .. #.... #.
#... #. #.. #.## #.
#..# ## ..# #####.
#.# #####..... #@##
##.....8.8.
#M.#####..#.......
#.....##.##.......
#........##...._†.
#..#####.....8.....
#.## #####.......
#. ##....8. #.
##..... .# #.....


You could see Menkaure.

Vanquished Creatures
  A centaur (D:4)
  A phantom (D:4)
  4 necrophages (D:4)
  A bullfrog zombie (D:4)
  A hound (D:4)
  An iguana (D:3)
  2 orc wizards (D:4)
  2 hound zombies (D:4)
  8 adders
  An adder zombie (D:4)
  7 dart slugs
  8 orcs
  2 ball pythons (D:3)
  4 bats
  4 endoplasms
  15 goblins
  14 hobgoblins
  5 jackals
  6 kobolds
  4 quokkas
  4 rats
  A bush (D:4)
96 creatures vanquished.

Vanquished Creatures (others)
  A bush (D:4)
  11 plants (D:4)
12 creatures vanquished.

Grand Total: 108 creatures vanquished

Notes
Turn   | Place    | Note
-------+----------+-------------------------------------------
     0 | D:1      | Earthwalker the Minotaur Fighter began the quest for the
                  | Orb.
     0 | D:1      | Reached XP level 1. HP: 19/19 MP: 0/0
    87 | D:1      | Reached XP level 2. HP: 27/27 MP: 1/1
   278 | D:1      | Found a faded altar of an unknown god.
  1057 | D:2      | Found an ancient bone altar of Kikubaaqudgha.
  1100 | D:2      | Reached XP level 3. HP: 33/33 MP: 2/2
  1460 | D:2      | Reached XP level 4. HP: 40/40 MP: 3/3
  2019 | D:3      | Identified a scroll of acquirement
  2019 | D:3      | Acquired a manual of Shields
  2329 | D:3      | Reached XP level 5. HP: 46/46 MP: 4/4
  2507 | D:3      | Reached skill level 1 in Dodging
  2735 | D:3      | Found Guesy's Jewellery Boutique.
  2982 | D:4      | Found an iron altar of Okawaru.
  2996 | D:4      | Became a worshipper of Warmaster Okawaru
  3021 | D:4      | Reached skill level 5 in Armour
  3021 | D:4      | Reached skill level 5 in Shields
  3138 | D:4      | Noticed a phantom
  3150 | D:4      | Killed a phantom
  3151 | D:4      | Reached XP level 6. HP: 48/53 MP: 5/5
  3186 | D:4      | Reached skill level 5 in Polearms
  3654 | D:4      | Found a broken altar of Ashenzari.
  3922 | D:4      | Found a blossoming altar of Fedhas.
  4007 | D:4      | Reached * piety under Okawaru
  4008 | D:4      | Reached XP level 7. HP: 56/60 MP: 6/6
  4023 | D:4      | Reached skill level 5 in Fighting
  4244 | D:5      | Entered Level 5 of the Dungeon
  4249 | D:5      | Found a faded altar of an unknown god.
  4279 | D:5      | Noticed Menkaure
  4289 | D:5      | Slain by Menkaure

Illustrated notes

Levels and vault maps discovered:
D:1:      elethiomel_arrival_infinity_welcomes_careful_drivers, layout_basic,
          hellmonk_ecumenical_altar_blasted
D:2:      cheibrodos_greedy_goblins, layout_loops_ring, basic_altar
D:3:      layout_basic, serial_shops, shop, st_stairs_14
D:4:      layout_loops_corners, mainiacjoe_overflow_tiny_flanked,
          ashenzari_altar_1, fedhas_altar_decomposition, hangedman_decor_lopped,
          kennysheep_potato
D:5:      layout_cave_pods, elyvilon_altar_4, minmay_temple_entry_poolview,
          serial_column_ruins, column_ruins_temple_circle,
          column_ruins_hut_ruined, column_ruins_corridor_straight,
          column_ruins_open_small, column_ruins_corridor_corner,
          column_ruins_open_tiny, column_ruins_open_tiny,
          column_ruins_corridor_dead_end, uniq_menkaure

Skill      XL: |  1  2  3  4  5  6  7 |
---------------+----------------------+-----
Shields        | 4 5 6 |  6.1
Armour         | 4 5 |  5.7
Fighting       | 4 5 |  5.0
Polearms       | 3 4 6 |  6.7
Dodging        | 1 2 |  2.3
Throwing       | |  0.4
Stealth        | |  0.2

Action                   |  1- 3 |  4- 6 |  7- 9 || total
-------------------------+-------+-------+-------++-------
Melee: Trident           |    80 |   186 |    66 ||   332
       Headbutt          |     6 |    27 |    16 ||    49
Throw: Dart              |       |     5 |       ||     5
       Boomerang         |       |       |     4 ||     4
  Use: Scroll            |       |     8 |     4 ||    12
Armor: Scale mail        |    45 |    50 |    11 ||   106
Dodge: Dodged            |    24 |    44 |    12 ||    80
Block: Buckler           |    16 |    22 |     7 ||    45
